Description

This builds macromachines

Build Order

Get SALT Encoding   

  46  3:50  Creep Tumor  Injekt
  50  4:00  Lair, Spore Crawler x3  
  70  4:10  Evolution Chamber x2  Injekt, Injekt
  80  4:20  Creep Tumor  
  85  4:50  Queen  Injekt
  90  5:00  Zerg Melee Weapons Level 1  Injekt
  95  5:20  Creep Tumor  Injekt
  100  6:50  Queen  Injekt
  105  7:00  Zerg Missile Weapons Level 2, Zerg Ground Armor Level 2  Injekt, Injekt
  115  7:20  Creep Tumor  Injekt
  120  7:25  Infestation Pit  Injekt
  125  7:50  Queen  Injekt
  130  8:10  Hive  Injekt
  140  8:20  Creep Tumor  Injekt
  160  8:50  Queen  Injekt
  180  9:20  Creep Tumor  Injekt
  185  9:30  Adrenal Glands  Adrenalin
  200  11:00  Zerg Ground Armor Level 3, Zerg Melee Weapons Level 3  
Spawning Tool Build Advisor. Get it on Overwolf

Go to:

Details

  • Created by: Cloudless
  • Published on: Jul 28, 2018
  • Modified on: Jul 28, 2018
  • Patch: 4.0.0
Show
View Real Time Build Order
Export as new Build Order

Comments (0)

There are no comments. Be the first!

Create an account to comment!